Connexion

PITTSBURGH Penguins vs VANCOUVER Canucks

Created - 29 novembre 2023 at 06:05

Goals
1 2 3 T
PITTSBURGH Penguins 1 0 2 3
VANCOUVER Canucks 1 0 0 1
Shots
1 2 3 T
PITTSBURGH Penguins 11 16 12 39
VANCOUVER Canucks 5 5 5 15

GoalsPenalties
1st period
1. PITTSBURGH Penguins , Connor McDavid 20 (Brad Marchand 26, Oliver Bjorkstrand 24) at 5:51
2. VANCOUVER Canucks , Janne Kuokkanen 6 (Devin Shore 10, Tobias Bjornfot 9) at 9:29
Joel Eriksson EK (VAN) for Slashing (Double Minor) at 13:42
2nd period
No Goal
Jake Gardiner (PIT) for Cross-checking (Minor) at 2:16
Vladimir Tarasenko (VAN) for Slashing (Minor) at 3:45
Logan Shaw (VAN) for Hooking (Minor) at 14:18
3rd period
3. PITTSBURGH Penguins , Gustav Nyquist 14 (Anton Lindholm 19, Andrei Svechnikov 21) at 4:43 (PP)
4. PITTSBURGH Penguins , William Nylander 14 (Andrei Svechnikov 22, Gustav Nyquist 17) at 15:39
Travis Hamonic (VAN) for Interference (Minor) at 4:37
Vladimir Tarasenko (VAN) for Roughing (Minor) at 16:34
Joel Eriksson EK (VAN) for Holding (Minor) at 19:06
Goalie Stats
Darcy Kuemper (PIT), 14 saves from 15 shots - (0,933), W, 20-12-6, 60:00 minutes
Philipp Grubauer (VAN), 36 saves from 39 shots - (0,923), L, 7-6-1, 60:00 minutes
3 StarsOfficial
1 - Andrei Svechnikov (PIT)
2 - Gustav Nyquist (PIT)
3 - Connor McDavid (PIT)
Referees : Paul Devorski and Justin StPierre
Linesman : Ryan Galloway and Brad Lazarowich
Game Note
No Game Note
Finance
Level 1 -- Attendance: 6000 (100,00%) -- Ticket Income 720 000 $
Level 2 -- Attendance: 4935 (87,66%) -- Ticket Income 370 125 $
Level 3 -- Attendance: 1900 (95,00%) -- Ticket Income 85 500 $
Level 4 -- Attendance: 4000 (100,00%) -- Ticket Income 120 000 $
Luxury Box -- Attendance: 1000 (100,00%) -- Ticket Income 225 000 $
Game was played at the Rogers Arena.
Total Attendance: 17835 (95,73%)
Total Ticket Income: 1 520 625 $
Other Income: 304 125 $
Total Income: 1 824 750 $



Team Name Goals Shots Shots Attemp Shots Blocked PIM HIT PP PK FO%
PITTSBURGH Penguins 3395942171 / 7 (14%)050%
VANCOUVER Canucks 11534814180 / 1 (0%)150%

PITTSBURGH Penguins
Player Name POS G A P +/- PIM HIT SHT SB MP PP MP PP SHT PK MP PK SHT FO% FOT
Adam LarssonD0000022120:243:3120:5100% 0
Alexander BarabanovLW/RW000-1002012:181:4600:0000% 0
Andrei SvechnikovLW/RW0221053018:374:1310:0000% 1
Anton LindholmD0110002020:243:3110:5100% 0
Brad MarchandLW/RW0111036023:394:2631:23050% 2
Connor McDavidC1011017023:394:2601:23156% 32
Gustav NyquistC/LW/RW1121003018:374:1320:0000% 1
Jake GardinerD0001220025:375:0800:0000% 0
Justin KloosC/RW000000106:461:4600:00075% 8
Kevin ConnautonD0000000113:381:4600:3800% 0
Matthew NietoLW/RW000-1012012:181:4600:0000% 0
Milan LucicLW000001105:000:0000:0000% 0
Oliver Bjorkstrand LW/RW0111002122:324:2610:06050% 4
Ross ColtonC000-1001010:320:0000:00044% 16
Trevor CarrickD0000011013:201:4610:0000% 0
Vitali KravtsovRW000000005:000:0000:0000% 0
Will ButcherD0001011126:365:0810:3800% 0
William NylanderC/RW1011005019:034:1320:06042% 26
VANCOUVER Canucks
Player Name POS G A P +/- PIM HIT SHT SB MP PP MP PP SHT PK MP PK SHT FO% FOT
Ben ChiarotD000-2020022:260:5305:1300% 0
Casey MittelstadtC000-1010015:320:5300:00072% 18
Devin ShoreC/LW/RW011000209:140:0000:000100% 1
Jack EichelC0000022020:100:3600:00054% 24
Janne KuokkanenLW1010003012:280:0003:14025% 4
Joel Eriksson EKC/LW/RW000-1611016:280:5300:58080% 5
Logan ShawC/RW0000200010:180:0005:4000% 1
Matt DucheneC/LW0000004221:250:3601:15050% 2
Mattias EkholmD0001020111:200:0000:0000% 0
Michael RasmussenC0000010110:020:0000:48054% 13
Nate SchmidtD0000000026:140:3605:1200% 0
Ryan DzingelC/LW/RW000-1011015:320:5300:0000% 0
Ryan PulockD000-2000222:260:5305:1300% 0
Tobias BjornfotD0111000111:260:0000:0600% 0
Tomas NosekC/LW0000010011:360:0006:57033% 12
Travis HamonicD0000241126:070:3605:0600% 0
Tyler AngleC000000104:390:0000:00020% 5
Vladimir TarasenkoRW0000430021:360:3501:5800% 5



Play-by-Play

1st period


0:01 of 1st period - Jack Eichel wins face-off versus Connor McDavid in neutral zone.
1:11 of 1st period - Andrei Svechnikov is hit by Ben Chiarot and loses puck.
1:30 of 1st period - Shot by Joel Eriksson EK.
1:30 of 1st period - Stopped by Darcy Kuemper without a rebound.
1:31 of 1st period - Janne Kuokkanen wins face-off versus Ross Colton in PITTSBURGH Penguins zone.
1:40 of 1st period - Shot by Devin Shore.
1:40 of 1st period - Stopped by Darcy Kuemper without a rebound.
1:41 of 1st period - Justin Kloos wins face-off versus Tyler Angle in PITTSBURGH Penguins zone.
1:56 of 1st period - Shot by Milan Lucic.
1:56 of 1st period - Stopped by Philipp Grubauer without a rebound.
1:57 of 1st period - Ross Colton wins face-off versus Michael Rasmussen in VANCOUVER Canucks zone.
2:10 of 1st period - Shot by Devin Shore.
2:10 of 1st period - Shot Misses the Net.
2:27 of 1st period - Alexander Barabanov is hit by Travis Hamonic and loses puck.
2:39 of 1st period - Shot by Ross Colton.
2:39 of 1st period - Deflect By Matthew Nieto.
2:39 of 1st period - Stopped by Philipp Grubauer without a rebound.
2:40 of 1st period - Casey Mittelstadt wins face-off versus Connor McDavid in VANCOUVER Canucks zone.
2:44 of 1st period - Icing by Joel Eriksson EK.
2:45 of 1st period - Casey Mittelstadt wins face-off versus Connor McDavid in VANCOUVER Canucks zone.
2:45 of 1st period - Casey Mittelstadt is hit by Connor McDavid.
3:52 of 1st period - Shot by Matt Duchene.
3:52 of 1st period - Stopped by Darcy Kuemper with a rebound.
4:03 of 1st period - Gustav Nyquist is hit by Travis Hamonic and loses puck.
5:17 of 1st period - Icing by Justin Kloos.
5:18 of 1st period - Justin Kloos wins face-off versus Michael Rasmussen in PITTSBURGH Penguins zone.
5:49 of 1st period - Shot by Oliver Bjorkstrand .
5:49 of 1st period - Shot Misses the Net.
5:51 of 1st period - Shot by Brad Marchand.
5:51 of 1st period - Deflect By Connor McDavid.
5:51 of 1st period - Goal by Connor McDavid - PITTSBURGH Penguins : 1 - VANCOUVER Canucks : 0.
5:52 of 1st period - Ross Colton wins face-off versus Casey Mittelstadt in neutral zone.
5:52 of 1st period - Ross Colton is hit by Ryan Dzingel.
6:05 of 1st period - Icing by Casey Mittelstadt.
6:06 of 1st period - William Nylander wins face-off versus Casey Mittelstadt in VANCOUVER Canucks zone.
6:33 of 1st period - Shot by Gustav Nyquist.
6:33 of 1st period - Stopped by Philipp Grubauer without a rebound.
6:34 of 1st period - Connor McDavid wins face-off versus Vladimir Tarasenko in VANCOUVER Canucks zone.
6:37 of 1st period - Shot by Connor McDavid.
6:37 of 1st period - Shot Misses the Net.
6:51 of 1st period - Shot by Matt Duchene.
6:51 of 1st period - Stopped by Darcy Kuemper without a rebound.
6:52 of 1st period - Devin Shore wins face-off versus Ross Colton in PITTSBURGH Penguins zone.
7:05 of 1st period - Shot by Matthew Nieto.
7:05 of 1st period - Stopped by Philipp Grubauer without a rebound.
7:06 of 1st period - Connor McDavid wins face-off versus Jack Eichel in VANCOUVER Canucks zone.
7:06 of 1st period - Connor McDavid is hit by Travis Hamonic.
7:19 of 1st period - Jack Eichel is hit by Will Butcher and loses puck.
7:42 of 1st period - Matt Duchene is hit by Brad Marchand and loses puck.
8:10 of 1st period - Icing by Adam Larsson.
8:11 of 1st period - Casey Mittelstadt wins face-off versus William Nylander in PITTSBURGH Penguins zone.
8:12 of 1st period - Shot by Joel Eriksson EK.
8:12 of 1st period - Shot Blocked by Adam Larsson.
8:18 of 1st period - Ben Chiarot is hit by Andrei Svechnikov and loses puck.
8:37 of 1st period - Shot by Joel Eriksson EK.
8:37 of 1st period - Deflect By Casey Mittelstadt.
8:37 of 1st period - Shot Misses the Net.
9:27 of 1st period - Shot by Devin Shore.
9:27 of 1st period - Shot Misses the Net.
9:29 of 1st period - Shot by Janne Kuokkanen.
9:29 of 1st period - Goal by Janne Kuokkanen - PITTSBURGH Penguins : 1 - VANCOUVER Canucks : 1.
9:30 of 1st period - Connor McDavid wins face-off versus Tyler Angle in neutral zone.
9:41 of 1st period - Shot by Connor McDavid.
9:41 of 1st period - Stopped by Philipp Grubauer without a rebound.
9:42 of 1st period - Justin Kloos wins face-off versus Jack Eichel in VANCOUVER Canucks zone.
9:53 of 1st period - Shot by Jack Eichel.
9:53 of 1st period - Shot Blocked by Will Butcher.
10:45 of 1st period - Shot by Joel Eriksson EK.
10:45 of 1st period - Shot Misses the Net.
12:30 of 1st period - Icing by Anton Lindholm.
12:31 of 1st period - Connor McDavid wins face-off versus Jack Eichel in PITTSBURGH Penguins zone.
12:48 of 1st period - Shot by Matt Duchene.
12:48 of 1st period - Shot Misses the Net.
13:42 of 1st period - Double Minor Penalty to Joel Eriksson EK for Slashing.
13:43 of 1st period - William Nylander wins face-off versus Tomas Nosek in VANCOUVER Canucks zone.
13:46 of 1st period - Shot by Will Butcher.
13:46 of 1st period - Deflect By Gustav Nyquist.
13:46 of 1st period - Stopped by Philipp Grubauer without a rebound.
13:47 of 1st period - William Nylander wins face-off versus Tomas Nosek in VANCOUVER Canucks zone.
14:32 of 1st period - Alexander Barabanov is hit by Vladimir Tarasenko and loses puck.
14:49 of 1st period - Shot by Matthew Nieto.
14:49 of 1st period - Shot Blocked by Ryan Pulock.
15:22 of 1st period - Icing by Oliver Bjorkstrand .
15:23 of 1st period - Brad Marchand wins face-off versus Janne Kuokkanen in PITTSBURGH Penguins zone.
16:29 of 1st period - Shot by Gustav Nyquist.
16:29 of 1st period - Shot Misses the Net.
16:31 of 1st period - Shot by Adam Larsson.
16:31 of 1st period - Stopped by Philipp Grubauer without a rebound.
16:32 of 1st period - William Nylander wins face-off versus Vladimir Tarasenko in VANCOUVER Canucks zone.
16:47 of 1st period - Shot by William Nylander.
16:47 of 1st period - Stopped by Philipp Grubauer without a rebound.
16:48 of 1st period - Tomas Nosek wins face-off versus Andrei Svechnikov in VANCOUVER Canucks zone.
16:59 of 1st period - Shot by Gustav Nyquist.
16:59 of 1st period - Shot Blocked by Ryan Pulock.
17:17 of 1st period - Shot by William Nylander.
17:17 of 1st period - Stopped by Philipp Grubauer with a rebound.
17:46 of 1st period - Shot by Alexander Barabanov.
17:46 of 1st period - Stopped by Philipp Grubauer without a rebound.
17:47 of 1st period - Casey Mittelstadt wins face-off versus Ross Colton in VANCOUVER Canucks zone.
17:49 of 1st period - Ryan Dzingel is hit by Matthew Nieto and loses puck.
17:53 of 1st period - Mattias Ekholm is hit by Trevor Carrick and loses puck.
18:04 of 1st period - Shot by Ryan Dzingel.
18:04 of 1st period - Shot Blocked by Kevin Connauton.
18:06 of 1st period - Shot by Casey Mittelstadt.
18:06 of 1st period - Shot Misses the Net.
19:03 of 1st period - Shot by Milan Lucic.
19:03 of 1st period - Shot Misses the Net.
19:28 of 1st period - Icing by Adam Larsson.
19:29 of 1st period - Michael Rasmussen wins face-off versus Justin Kloos in PITTSBURGH Penguins zone.
Goals for this period are 1 for PITTSBURGH Penguins vs 1 for VANCOUVER Canucks .
Shots for this period are 11 for PITTSBURGH Penguins vs 5 for VANCOUVER Canucks .

2nd period


0:01 of 2nd period - Jack Eichel wins face-off versus William Nylander in neutral zone.
0:26 of 2nd period - Icing by Will Butcher.
0:27 of 2nd period - William Nylander wins face-off versus Logan Shaw in PITTSBURGH Penguins zone.
0:38 of 2nd period - Shot by Andrei Svechnikov.
0:38 of 2nd period - Stopped by Philipp Grubauer with a rebound.
1:12 of 2nd period - Shot by Connor McDavid.
1:12 of 2nd period - Stopped by Philipp Grubauer without a rebound.
1:13 of 2nd period - Connor McDavid wins face-off versus Jack Eichel in VANCOUVER Canucks zone.
1:42 of 2nd period - Shot by Jack Eichel.
1:42 of 2nd period - Shot Misses the Net.
1:44 of 2nd period - Shot by Matt Duchene.
1:44 of 2nd period - Stopped by Darcy Kuemper without a rebound.
1:45 of 2nd period - Casey Mittelstadt wins face-off versus Ross Colton in PITTSBURGH Penguins zone.
1:55 of 2nd period - Off-side.
1:56 of 2nd period - Michael Rasmussen wins face-off versus William Nylander in neutral zone.
1:56 of 2nd period - Michael Rasmussen is hit by Andrei Svechnikov.
2:16 of 2nd period - Minor Penalty to Jake Gardiner for Cross-checking.
2:17 of 2nd period - Connor McDavid wins face-off versus Vladimir Tarasenko in PITTSBURGH Penguins zone.
2:45 of 2nd period - Shot by Connor McDavid.
2:45 of 2nd period - Stopped by Philipp Grubauer without a rebound.
2:46 of 2nd period - Casey Mittelstadt wins face-off versus Connor McDavid in VANCOUVER Canucks zone.
2:50 of 2nd period - Off-side.
2:51 of 2nd period - Casey Mittelstadt wins face-off versus Connor McDavid in neutral zone.
3:45 of 2nd period - Minor Penalty to Vladimir Tarasenko for Slashing.
3:46 of 2nd period - Oliver Bjorkstrand wins face-off versus Matt Duchene in VANCOUVER Canucks zone.
4:03 of 2nd period - Shot by William Nylander.
4:03 of 2nd period - Shot Blocked by Matt Duchene.
4:05 of 2nd period - Shot by William Nylander.
4:05 of 2nd period - Stopped by Philipp Grubauer without a rebound.
4:06 of 2nd period - Matt Duchene wins face-off versus Connor McDavid in VANCOUVER Canucks zone.
4:40 of 2nd period - Shot by Andrei Svechnikov.
4:40 of 2nd period - Stopped by Philipp Grubauer without a rebound.
4:41 of 2nd period - Oliver Bjorkstrand wins face-off versus Tomas Nosek in VANCOUVER Canucks zone.
4:44 of 2nd period - Shot by Anton Lindholm.
4:44 of 2nd period - Stopped by Philipp Grubauer with a rebound.
4:50 of 2nd period - Shot by Connor McDavid.
4:50 of 2nd period - Shot Misses the Net.
5:00 of 2nd period - Shot by Brad Marchand.
5:00 of 2nd period - Shot Misses the Net.
5:02 of 2nd period - Shot by Adam Larsson.
5:02 of 2nd period - Stopped by Philipp Grubauer without a rebound.
5:03 of 2nd period - Joel Eriksson EK wins face-off versus Gustav Nyquist in VANCOUVER Canucks zone.
7:08 of 2nd period - Icing by Ben Chiarot.
7:09 of 2nd period - Jack Eichel wins face-off versus William Nylander in VANCOUVER Canucks zone.
7:09 of 2nd period - Jack Eichel is hit by Andrei Svechnikov.
7:40 of 2nd period - Shot by William Nylander.
7:40 of 2nd period - Deflect By Gustav Nyquist.
7:40 of 2nd period - Shot Misses the Net.
8:25 of 2nd period - Shot by Brad Marchand.
8:25 of 2nd period - Stopped by Philipp Grubauer without a rebound.
8:26 of 2nd period - Justin Kloos wins face-off versus Michael Rasmussen in VANCOUVER Canucks zone.
8:58 of 2nd period - Shot by Vitali Kravtsov.
8:58 of 2nd period - Shot Misses the Net.
9:27 of 2nd period - Oliver Bjorkstrand is hit by Ben Chiarot and loses puck.
9:50 of 2nd period - Shot by Oliver Bjorkstrand .
9:50 of 2nd period - Deflect By Connor McDavid.
9:50 of 2nd period - Stopped by Philipp Grubauer without a rebound.
9:51 of 2nd period - William Nylander wins face-off versus Jack Eichel in VANCOUVER Canucks zone.
9:59 of 2nd period - Jack Eichel is hit by Jake Gardiner and loses puck.
10:02 of 2nd period - Shot by Matt Duchene.
10:02 of 2nd period - Stopped by Darcy Kuemper without a rebound.
10:03 of 2nd period - Ross Colton wins face-off versus Casey Mittelstadt in PITTSBURGH Penguins zone.
10:10 of 2nd period - Shot by Matthew Nieto.
10:10 of 2nd period - Deflect By Alexander Barabanov.
10:10 of 2nd period - Stopped by Philipp Grubauer without a rebound.
10:11 of 2nd period - Jack Eichel wins face-off versus William Nylander in VANCOUVER Canucks zone.
10:11 of 2nd period - Jack Eichel is hit by Andrei Svechnikov.
10:38 of 2nd period - Icing by Nate Schmidt.
10:39 of 2nd period - Jack Eichel wins face-off versus Connor McDavid in VANCOUVER Canucks zone.
11:34 of 2nd period - Icing by Adam Larsson.
11:35 of 2nd period - Connor McDavid wins face-off versus Michael Rasmussen in PITTSBURGH Penguins zone.
11:52 of 2nd period - Shot by Devin Shore.
11:52 of 2nd period - Shot Misses the Net.
11:54 of 2nd period - Shot by Janne Kuokkanen.
11:54 of 2nd period - Deflect By Devin Shore.
11:54 of 2nd period - Shot Misses the Net.
11:56 of 2nd period - Shot by Janne Kuokkanen.
11:56 of 2nd period - Stopped by Darcy Kuemper without a rebound.
11:57 of 2nd period - Casey Mittelstadt wins face-off versus Ross Colton in PITTSBURGH Penguins zone.
12:11 of 2nd period - Off-side.
12:12 of 2nd period - William Nylander wins face-off versus Jack Eichel in neutral zone.
12:25 of 2nd period - Will Butcher is hit by Jack Eichel and loses puck.
13:12 of 2nd period - Shot by Ryan Dzingel.
13:12 of 2nd period - Shot Misses the Net.
14:17 of 2nd period - Shot by Janne Kuokkanen.
14:17 of 2nd period - Stopped by Darcy Kuemper without a rebound.
14:18 of 2nd period - Ross Colton wins face-off versus Tyler Angle in PITTSBURGH Penguins zone.
14:18 of 2nd period - Minor Penalty to Logan Shaw for Hooking.
14:19 of 2nd period - Connor McDavid wins face-off versus Tomas Nosek in VANCOUVER Canucks zone.
14:24 of 2nd period - Shot by Brad Marchand.
14:24 of 2nd period - Stopped by Philipp Grubauer without a rebound.
14:25 of 2nd period - Connor McDavid wins face-off versus Tomas Nosek in VANCOUVER Canucks zone.
14:46 of 2nd period - Shot by Oliver Bjorkstrand .
14:46 of 2nd period - Stopped by Philipp Grubauer with a rebound.
15:22 of 2nd period - Shot by Trevor Carrick.
15:22 of 2nd period - Stopped by Philipp Grubauer with a rebound.
15:32 of 2nd period - Shot by Matthew Nieto.
15:32 of 2nd period - Shot Blocked by Matt Duchene.
15:34 of 2nd period - Shot by Matthew Nieto.
15:34 of 2nd period - Shot Blocked by Michael Rasmussen.
15:36 of 2nd period - Shot by Alexander Barabanov.
15:36 of 2nd period - Shot Misses the Net.
16:16 of 2nd period - Icing by Gustav Nyquist.
16:17 of 2nd period - Joel Eriksson EK wins face-off versus William Nylander in PITTSBURGH Penguins zone.
16:48 of 2nd period - Shot by Brad Marchand.
16:48 of 2nd period - Stopped by Philipp Grubauer without a rebound.
16:49 of 2nd period - Michael Rasmussen wins face-off versus William Nylander in VANCOUVER Canucks zone.
16:58 of 2nd period - Shot by Travis Hamonic.
16:58 of 2nd period - Stopped by Darcy Kuemper without a rebound.
16:59 of 2nd period - William Nylander wins face-off versus Michael Rasmussen in PITTSBURGH Penguins zone.
17:05 of 2nd period - Icing by Gustav Nyquist.
17:06 of 2nd period - Jack Eichel wins face-off versus William Nylander in PITTSBURGH Penguins zone.
17:18 of 2nd period - Jack Eichel is hit by Jake Gardiner.
17:25 of 2nd period - Icing by Gustav Nyquist.
17:26 of 2nd period - Casey Mittelstadt wins face-off versus William Nylander in PITTSBURGH Penguins zone.
17:41 of 2nd period - Shot by Gustav Nyquist.
17:41 of 2nd period - Deflect By William Nylander.
17:41 of 2nd period - Stopped by Philipp Grubauer without a rebound.
17:42 of 2nd period - Jack Eichel wins face-off versus Brad Marchand in VANCOUVER Canucks zone.
18:03 of 2nd period - Shot by Brad Marchand.
18:03 of 2nd period - Stopped by Philipp Grubauer without a rebound.
18:04 of 2nd period - Joel Eriksson EK wins face-off versus Ross Colton in VANCOUVER Canucks zone.
19:56 of 2nd period - Brad Marchand is hit by Michael Rasmussen.
19:57 of 2nd period - Icing by Brad Marchand.
19:58 of 2nd period - Tyler Angle wins face-off versus Connor McDavid in PITTSBURGH Penguins zone.
Goals for this period are 0 for PITTSBURGH Penguins vs 0 for VANCOUVER Canucks .
Shots for this period are 16 for PITTSBURGH Penguins vs 5 for VANCOUVER Canucks .

3rd period


0:01 of 3rd period - Connor McDavid wins face-off versus Jack Eichel in neutral zone.
0:07 of 3rd period - Brad Marchand is hit by Travis Hamonic and loses puck.
0:34 of 3rd period - Icing by Jake Gardiner.
0:35 of 3rd period - Connor McDavid wins face-off versus Casey Mittelstadt in PITTSBURGH Penguins zone.
0:35 of 3rd period - Will Butcher is hit by Casey Mittelstadt and loses puck.
0:43 of 3rd period - Icing by Jake Gardiner.
0:44 of 3rd period - Michael Rasmussen wins face-off versus Oliver Bjorkstrand in PITTSBURGH Penguins zone.
2:06 of 3rd period - Shot by Jack Eichel.
2:06 of 3rd period - Shot Hit the Post.
2:32 of 3rd period - Icing by Kevin Connauton.
2:33 of 3rd period - Casey Mittelstadt wins face-off versus Ross Colton in PITTSBURGH Penguins zone.
2:49 of 3rd period - Icing by Kevin Connauton.
2:50 of 3rd period - Ross Colton wins face-off versus Tyler Angle in PITTSBURGH Penguins zone.
4:21 of 3rd period - Icing by Adam Larsson.
4:22 of 3rd period - Jack Eichel wins face-off versus William Nylander in PITTSBURGH Penguins zone.
4:22 of 3rd period - Jack Eichel is hit by Adam Larsson.
4:31 of 3rd period - Matt Duchene is hit by Adam Larsson and loses puck.
4:37 of 3rd period - Minor Penalty to Travis Hamonic for Interference.
4:38 of 3rd period - William Nylander wins face-off versus Vladimir Tarasenko in VANCOUVER Canucks zone.
4:43 of 3rd period - Shot by Anton Lindholm.
4:43 of 3rd period - Deflect By Gustav Nyquist.
4:43 of 3rd period - Goal by Gustav Nyquist - PITTSBURGH Penguins : 2 - VANCOUVER Canucks : 1.
4:44 of 3rd period - Casey Mittelstadt wins face-off versus Ross Colton in neutral zone.
5:41 of 3rd period - Off-side.
5:42 of 3rd period - Jack Eichel wins face-off versus Connor McDavid in neutral zone.
5:55 of 3rd period - Shot by Jack Eichel.
5:55 of 3rd period - Shot Misses the Net.
6:27 of 3rd period - Shot by Brad Marchand.
6:27 of 3rd period - Shot Blocked by Mattias Ekholm.
7:01 of 3rd period - Shot by Gustav Nyquist.
7:01 of 3rd period - Shot Misses the Net.
7:09 of 3rd period - Shot by Anton Lindholm.
7:09 of 3rd period - Stopped by Philipp Grubauer without a rebound.
7:10 of 3rd period - Michael Rasmussen wins face-off versus Justin Kloos in VANCOUVER Canucks zone.
7:21 of 3rd period - Devin Shore is hit by Milan Lucic and loses puck.
7:29 of 3rd period - Icing by Michael Rasmussen.
7:30 of 3rd period - Michael Rasmussen wins face-off versus Ross Colton in VANCOUVER Canucks zone.
9:30 of 3rd period - Shot by Tyler Angle.
9:30 of 3rd period - Stopped by Darcy Kuemper without a rebound.
9:31 of 3rd period - Justin Kloos wins face-off versus Jack Eichel in PITTSBURGH Penguins zone.
9:40 of 3rd period - Shot by Matt Duchene.
9:40 of 3rd period - Deflect By Jack Eichel.
9:40 of 3rd period - Stopped by Darcy Kuemper without a rebound.
9:41 of 3rd period - Ross Colton wins face-off versus Vladimir Tarasenko in PITTSBURGH Penguins zone.
9:41 of 3rd period - Ross Colton is hit by Jack Eichel.
10:00 of 3rd period - Shot by Ross Colton.
10:00 of 3rd period - Shot Misses the Net.
11:05 of 3rd period - Shot by Janne Kuokkanen.
11:05 of 3rd period - Shot Blocked by Oliver Bjorkstrand .
11:17 of 3rd period - Shot by Devin Shore.
11:17 of 3rd period - Shot Misses the Net.
11:29 of 3rd period - Joel Eriksson EK is hit by Brad Marchand and loses puck.
11:38 of 3rd period - Jake Gardiner is hit by Joel Eriksson EK and loses puck.
11:47 of 3rd period - Shot by Joel Eriksson EK.
11:47 of 3rd period - Shot Misses the Net.
12:20 of 3rd period - Icing by Anton Lindholm.
12:21 of 3rd period - William Nylander wins face-off versus Jack Eichel in PITTSBURGH Penguins zone.
12:21 of 3rd period - William Nylander is hit by Vladimir Tarasenko.
12:45 of 3rd period - Shot by William Nylander.
12:45 of 3rd period - Shot Blocked by Travis Hamonic.
13:22 of 3rd period - Shot by Justin Kloos.
13:22 of 3rd period - Stopped by Philipp Grubauer without a rebound.
13:23 of 3rd period - Ross Colton wins face-off versus Michael Rasmussen in VANCOUVER Canucks zone.
13:23 of 3rd period - Ross Colton is hit by Mattias Ekholm.
13:29 of 3rd period - Shot by Matthew Nieto.
13:29 of 3rd period - Shot Blocked by Tobias Bjornfot.
13:50 of 3rd period - Shot by Ross Colton.
13:50 of 3rd period - Stopped by Philipp Grubauer without a rebound.
13:51 of 3rd period - Justin Kloos wins face-off versus Joel Eriksson EK in VANCOUVER Canucks zone.
14:02 of 3rd period - Shot by Ryan Dzingel.
14:02 of 3rd period - Stopped by Darcy Kuemper without a rebound.
14:03 of 3rd period - Tomas Nosek wins face-off versus William Nylander in PITTSBURGH Penguins zone.
14:12 of 3rd period - Shot by Gustav Nyquist.
14:12 of 3rd period - Deflect By Andrei Svechnikov.
14:12 of 3rd period - Stopped by Philipp Grubauer without a rebound.
14:13 of 3rd period - Jack Eichel wins face-off versus Connor McDavid in VANCOUVER Canucks zone.
14:22 of 3rd period - Shot by Vladimir Tarasenko.
14:22 of 3rd period - Shot Misses the Net.
14:34 of 3rd period - Shot by Connor McDavid.
14:34 of 3rd period - Stopped by Philipp Grubauer with a rebound.
14:36 of 3rd period - Shot by Connor McDavid.
14:36 of 3rd period - Shot Misses the Net.
14:44 of 3rd period - Shot by Connor McDavid.
14:44 of 3rd period - Stopped by Philipp Grubauer without a rebound.
14:45 of 3rd period - Joel Eriksson EK wins face-off versus William Nylander in VANCOUVER Canucks zone.
15:07 of 3rd period - Icing by Ryan Pulock.
15:08 of 3rd period - Casey Mittelstadt wins face-off versus Oliver Bjorkstrand in VANCOUVER Canucks zone.
15:28 of 3rd period - Icing by Joel Eriksson EK.
15:29 of 3rd period - Casey Mittelstadt wins face-off versus William Nylander in VANCOUVER Canucks zone.
15:29 of 3rd period - Casey Mittelstadt is hit by Andrei Svechnikov.
15:39 of 3rd period - Shot by William Nylander.
15:39 of 3rd period - Goal by William Nylander - PITTSBURGH Penguins : 3 - VANCOUVER Canucks : 1.
15:40 of 3rd period - Jack Eichel wins face-off versus Connor McDavid in neutral zone.
15:52 of 3rd period - Icing by Anton Lindholm.
15:53 of 3rd period - Michael Rasmussen wins face-off versus Connor McDavid in PITTSBURGH Penguins zone.
16:00 of 3rd period - Shot by Devin Shore.
16:00 of 3rd period - Stopped by Darcy Kuemper without a rebound.
16:01 of 3rd period - William Nylander wins face-off versus Jack Eichel in PITTSBURGH Penguins zone.
16:01 of 3rd period - William Nylander is hit by Vladimir Tarasenko.
16:34 of 3rd period - Minor Penalty to Vladimir Tarasenko for Roughing.
16:35 of 3rd period - Connor McDavid wins face-off versus Tomas Nosek in VANCOUVER Canucks zone.
16:36 of 3rd period - Shot by Brad Marchand.
16:36 of 3rd period - Stopped by Philipp Grubauer without a rebound.
16:37 of 3rd period - Connor McDavid wins face-off versus Tomas Nosek in VANCOUVER Canucks zone.
17:06 of 3rd period - Shot by Brad Marchand.
17:06 of 3rd period - Stopped by Philipp Grubauer without a rebound.
17:07 of 3rd period - Tomas Nosek wins face-off versus William Nylander in VANCOUVER Canucks zone.
17:26 of 3rd period - Shot by Will Butcher.
17:26 of 3rd period - Stopped by Philipp Grubauer without a rebound.
17:27 of 3rd period - Connor McDavid wins face-off versus Janne Kuokkanen in VANCOUVER Canucks zone.
17:49 of 3rd period - Off-side.
17:50 of 3rd period - Tomas Nosek wins face-off versus William Nylander in neutral zone.
17:53 of 3rd period - Gustav Nyquist is hit by Tomas Nosek and loses puck.
18:37 of 3rd period - Icing by Mattias Ekholm.
18:38 of 3rd period - Connor McDavid wins face-off versus Jack Eichel in VANCOUVER Canucks zone.
18:38 of 3rd period - Brad Marchand is hit by Mattias Ekholm and loses puck.
18:45 of 3rd period - Shot by Oliver Bjorkstrand .
18:45 of 3rd period - Stopped by Philipp Grubauer without a rebound.
18:46 of 3rd period - Jack Eichel wins face-off versus Connor McDavid in VANCOUVER Canucks zone.
18:46 of 3rd period - Jack Eichel is hit by Brad Marchand.
18:53 of 3rd period - Off-side.
18:54 of 3rd period - Jack Eichel wins face-off versus Connor McDavid in neutral zone.
19:03 of 3rd period - Shot by Jack Eichel.
19:03 of 3rd period - Stopped by Darcy Kuemper without a rebound.
19:04 of 3rd period - Connor McDavid wins face-off versus Casey Mittelstadt in PITTSBURGH Penguins zone.
19:06 of 3rd period - Minor Penalty to Joel Eriksson EK for Holding.
19:07 of 3rd period - Connor McDavid wins face-off versus Tomas Nosek in VANCOUVER Canucks zone.
19:45 of 3rd period - Icing by Jake Gardiner.
19:46 of 3rd period - Connor McDavid wins face-off versus Janne Kuokkanen in PITTSBURGH Penguins zone.
Goals for this period are 2 for PITTSBURGH Penguins vs 0 for VANCOUVER Canucks .
Shots for this period are 12 for PITTSBURGH Penguins vs 5 for VANCOUVER Canucks .